 Dungeon Crawl Stone Soup version 0.17-a0-1397-g0eee0a3 (webtiles) character file.

227 Cryogen the Chopper (level 6, -3/52 HPs)
             Began as a Hill Orc Fighter on June 18, 2015.
             Slain by an ogre
             ... wielding a +0 giant club
              (12 damage)
             ... on level 4 of the Dungeon.
             The game lasted 00:17:17 (2303 turns).

Cryogen the Chopper (Hill Orc Fighter)              Turns: 2303, Time: 00:17:17

Health: -3/52      AC:  9    Str: 21    XL:     6   Next: 2%
Magic:  6/6        EV:  5    Int:  8    God:
Gold:   159        SH:  9    Dex: 10    Spells: 0 memorised, 5 levels left

rFire  . . .     SeeInvis .     a - +0 war axe
rCold  . . .     Clarity  .     n - +0 chain mail
rNeg   . . .     SustAt   .     c - +0 shield
rPois  .         Gourm    .     (no helmet)
rElec  .         Spirit   .     (no cloak)
rCorr  +         Warding  .     (no gloves)
rMut   .         Stasis   .     (no boots)
MR     .....                    h - amulet of resist corrosion
Stlth  ..........               (no ring)
                                (no ring)

@: not resistant to hostile enchantments, extremely unstealthy
A: no striking features
a: no special abilities


You were on level 4 of the Dungeon.
You were not hungry.

You visited 1 branch of the dungeon, and saw 4 of its levels.

You collected 159 gold pieces.

Inventory:

Hand weapons
 a - a +0 war axe (weapon)
Armour
 c - a +0 shield (worn)
 n - a +0 chain mail (worn)
Jewellery
 h - an amulet of resist corrosion (around neck)
Scrolls
 b - 2 scrolls of remove curse {unknown}
 f - 4 scrolls of identify {unknown}
 j - a scroll of fog {unknown}
 k - a scroll of fear {unknown}
 m - a scroll of enchant weapon {unknown}
 p - 3 scrolls of amnesia {unknown}
 q - a scroll of teleportation {unknown}
 r - a scroll of blinking {unknown}
Potions
 d - 2 potions of might
 g - a potion of curing {unknown}
 i - 2 potions of lignification {unknown}
 l - 2 potions of cure mutation {unknown}
 o - a potion of cancellation {unknown}
 s - a potion of flight {unknown}
Comestibles
 e - 2 bread rations


   Skills:
 - Level 3.9 Fighting
 + Level 7.0 Axes
 - Level 3.7 Armour
 - Level 0.1 Dodging
 + Level 0.6 Stealth
 - Level 3.7 Shields


You had 5 spell levels left.
You didn't know any spells.

Dungeon Overview and Level Annotations

Branches:
Dungeon (4/15)
 Temple: D:4-7

Altars:


Message History

Your chain mail prevents you from hitting the ogre.
The ogre is moderately wounded.
The ogre hits you with a giant club!
You hit the ogre.
The ogre is heavily wounded.
The ogre barely misses you.
You hit the ogre.
The ogre is heavily wounded.
The ogre hits you with a giant club!!
* * * LOW HITPOINT WARNING * * *
You hit the ogre.
The ogre is severely wounded.
You block the ogre's attack.
Your shield prevents you from hitting the ogre.
The ogre is severely wounded.
You block the ogre's attack.
You barely miss the ogre.
The ogre is severely wounded.
The ogre hits you with a giant club!
You die...

. ..#### ......
..... . ....#####
##...
#+###....##......
+....<...@O......
#+###+##+##+#....
+


You could see an ogre.

Vanquished Creatures
  2 hounds (D:3)
  An orc wizard (D:3)
  Jessica (D:3)
  4 adders
  An ooze (D:1)
  3 giant geckos
  5 orcs (D:3)
  10 bats
  A giant cockroach (D:2)
  7 goblins
  8 hobgoblins
  4 jackals (D:2)
  3 quokkas (D:3)
  3 giant newts
  3 kobolds
  11 rats
67 creatures vanquished.

Notes
Turn   | Place    | Note
--------------------------------------------------------------
     0 | D:1      | Cryogen the Hill Orc Fighter began the quest for the Orb.
     0 | D:1      | Reached XP level 1. HP: 19/19 MP: 1/1
   154 | D:1      | Reached XP level 2. HP: 25/27 MP: 2/2
   875 | D:2      | Reached XP level 3. HP: 33/33 MP: 3/3
  1354 | D:2      | Reached skill level 4 in Axes
  1553 | D:2      | Reached XP level 4. HP: 35/40 MP: 4/4
  1738 | D:3      | Reached skill level 5 in Axes
  1867 | D:3      | Reached XP level 5. HP: 33/46 MP: 5/5
  1911 | D:3      | Reached skill level 6 in Axes
  2060 | D:3      | Noticed Jessica
  2068 | D:3      | Killed Jessica
  2204 | D:3      | Reached XP level 6. HP: 47/52 MP: 6/6
  2230 | D:3      | Reached skill level 7 in Axes
  2303 | D:4      | Slain by an ogre

Vault maps used:
D:1:      roderic_octagonal_star
D:2:      minmay_misc_feat_room
D:3:      kennysheep_jessica_study
D:4:      grunt_temple_overflow_open, first_bread

Action                   |  1- 3 |  4- 6 || total
-------------------------+-------+-------++-------
Melee: War axe           |   124 |   164 ||   288
  Eat: Beef jerky        |     1 |       ||     1
       Bread ration      |       |     1 ||     1
